 Dungeon Crawl Stone Soup version 0.30-a0-760-g5a9884bb7c (webtiles) character file.

Game seed: 11857475886772285746

79989 Angani the Carver (level 15, -10/134 HPs)
             Began as a Purple Draconian Necromancer on Feb 11, 2023.
             Mangled by a caustic shrike simulacrum (21 damage)
             ... in an ice cave.
             The game lasted 00:53:46 (31719 turns).

Angani the Carver (Purple Draconian Necromancer)   Turns: 31719, Time: 00:53:47

Health: -10/134    AC: 13    Str: 15    XL:     15   Next: 22%
Magic:  2/30       EV: 16    Int: 25    God:
Gold:   1193       SH:  0    Dex: 12    Spells: 5/37 levels left

rFire   x . .      SeeInvis +    z - +6 triple sword "Lujaside" {pain, Str+5 Int+2}
rCold   + . .      Faith    .    (shield currently unavailable)
rNeg    . . .      Spirit   .    (body armour unavailable)
rPois   .          Reflect  .    (helmet restricted)
rElec   .          Harm     .    J - scarf {shadows}
rCorr   .          Rampage  .    y - +0 pair of gloves
Will    ++...                    s - +2 pair of boots
Stlth   ++                       (no amulet)
HPRegen 0.42/turn                n - ring of see invisible
MPRegen 0.22/turn                F - ring of ice

@: flying, very slightly contaminated
A: breathe power, AC +9, unfitting armour, cold-blooded, big wings, stinger 1
a: Breathe Dispelling Energy


You were in an ice cave.
You visited 3 branches of the dungeon, and saw 20 of its levels.
You also visited: Bailey and Ice Cave.

You collected 1391 gold pieces.
You spent 198 gold pieces at shops.

Inventory:

Hand Weapons
 z - the +6 triple sword "Lujaside" (weapon) {pain, Str+5 Int+2}
   (You found it in a bailey)

   Str:       It affects your strength (+5).
   Int:       It affects your intelligence (+2).
 A - the +7 dagger "Orb Guardian's Doom" {speed, rElec rPois Dex+2}
   (You found it on level 5 of the Dungeon)

   Dex:       It affects your dexterity (+2).
   rElec:     It insulates you from electricity.
   rPois:     It protects you from poison.
Missiles
 f - 6 atropa-tipped darts
 j - 5 curare-tipped darts
 E - 25 javelins
Armour
 k - a +1 cloak
 s - a +2 pair of boots (worn)
 y - a +0 pair of gloves (worn)
 J - a scarf of shadows (worn)
Jewellery
 n - a ring of see invisible (left hand)
 q - a ring of wizardry
 F - a ring of ice (right hand)
Wands
 c - a wand of mindburst (10)
 h - a wand of flame (10)
 p - a wand of charming (19)
 O - a wand of polymorph (5)
Scrolls
 b - 9 scrolls of enchant weapon
 d - a scroll of brand weapon
 e - 3 scrolls of silence
 i - 5 scrolls of teleportation
 l - 2 scrolls of fog
 v - 2 scrolls of amnesia
 x - 2 scrolls of magic mapping
 D - 5 scrolls of immolation
 I - 2 scrolls of fear
 K - 11 scrolls of identify
 P - a scroll of poison
Potions
 a - a potion of magic
 g - 4 potions of degeneration
 m - 2 potions of attraction
 o - 4 potions of resistance
 r - 2 potions of berserk rage
 t - 12 potions of curing
 u - 2 potions of brilliance
 w - 3 potions of haste
 B - 3 potions of heal wounds
 G - 2 potions of invisibility
 H - 3 potions of mutation
 M - 2 potions of cancellation
 N - a potion of might
Miscellaneous
 C - a box of beasts
 L - a condenser vane


   Skills:
 - Level 12.4 Fighting
 + Level 14.3 Long Blades
 - Level 10.7 Dodging
 - Level 1.7 Stealth
 - Level 11.5 Spellcasting
 - Level 14.0 Necromancy
 - Level 5.0 Earth Magic


You had 5 spell levels left.
You knew the following spells:

 Your Spells              Type           Power      Damage    Failure   Level
a - Necrotise             Necr           100%       1d9       0%          1
b - Vampiric Draining     Necr           71%        2d11      1%          3
c - Animate Dead          Necr           71%        N/A       1%          4
d - Agony                 Necr           71%        N/A       1%          5
e - Dispel Undead         Necr           71%        3d24      1%          4
f - Death Channel         Necr           35%        N/A       1%          6
g - Borgnjor's Vile Clut  Necr/Erth      29%        N/A       2%          5
h - Cause Fear            Hex            7%         N/A       38%         4

Your spell library contained the following spells:

 Spells                   Type           Power      Damage    Failure   Level
 Cigotuvi's Dreadful Rot  Necr/Pois/Air  74%        N/A       1%          2
 Apportation              Tloc           28%        N/A       4%          1
 Freeze                   Ice            84%        1d9       4%          1
 Summon Small Mammal      Summ           56%        N/A       4%          1
 Blink                    Tloc           28%        N/A       6%          2
 Lesser Beckoning         Tloc           28%        N/A       6%          2
 Momentum Strike          Conj/Tloc      28%        3d8       6%          2
 Static Discharge         Conj/Air       28%        2-4/arc   6%          2
 Frozen Ramparts          Ice            42%        1d7       13%         3
 Gell's Gravitas          Tloc           14%        N/A       13%         3
 Hailstorm                Conj/Ice       21%        3d6       13%         3
 Ignite Poison            Fire/Tmut/Pois 14%        N/A       13%         3
 Ozocubu's Armour         Ice            21%        N/A       13%         3
 Summon Guardian Golem    Hex/Summ       14%        N/A       13%         3
 Teleport Other           Tloc           14%        N/A       13%         3
 Vhi's Electric Charge    Tloc/Air       28%        N/A       13%         3
 Leda's Liquefaction      Hex/Erth       13%        N/A       16%         4
 Lee's Rapid Deconstruct  Erth           19%        3d11*     16%         5
 Sticky Flame             Conj/Fire      14%        2d4       38%         4
 Arcjolt                  Conj/Air       7%         1d17      75%         5
 Lightning Bolt           Conj/Air       7%         1d19      75%         5
 Statue Form              Tmut/Erth      17%        N/A       93%         6
 Conjure Ball Lightning   Conj/Air       7%         3x3d6     100%        6
 Dispersal                Tloc           7%         N/A       100%        6
 Dragon Form              Tmut           7%         N/A       100%        7
 Orb of Destruction       Conj           7%         9d6       100%        7
 Ozocubu's Refrigeration  Ice            10%        4d9       100%        7
 Spellforged Servitor     Conj/Summ      7%         N/A       100%        7
 Discord                  Hex            7%         N/A       100%        8
 Disjunction              Tloc           7%         N/A       100%        8
 Ignition                 Fire           7%         3d4       100%        8
 Dragon's Call            Summ           7%         N/A       100%        9


Dungeon Overview and Level Annotations

Branches:
Dungeon (14/15)            Temple (1/1) D:4            Lair (5/5) D:9
  Swamp (0/4) Lair:3       Spider (0/4) Lair:2        Slime (0/5) Lair:4
    Orc (0/2) D:12         Vaults (0/5) D:13         Bailey (visited)
  IceCv (1/1)

Altars:
Ashenzari
Cheibriados
Dithmenos
Elyvilon
Fedhas
Gozag
Hepliaklqana
Kikubaaqudgha
Makhleb
Nemelex Xobeh
Okawaru
Qazlal
Ru
Sif Muna
Trog
Uskayaw
Vehumet
Wu Jian
Xom
Yredelemnul
Zin
The Shining One

Shops:
D:8 ?

Annotations:
D:6 3 runed translucent doors, exclusion: 3 doors, gabibbone's ghost, novice DgGl
Lair:1 3 runed translucent doors, MCDelver's ghost, journeyman OpFE
Lair:5 2 runed translucent doors


Innate Abilities, Weirdness & Mutations

You can breathe bolts of dispelling energy.
Your rich purple scales are hard. (AC +9)
You cannot fit into any form of body armour.
You are cold-blooded and may be slowed by cold attacks.
Your large and strong wings let you fly.
Your tail ends in a venomous barb.


Message History

The anaconda simulacrum's grasp on you weakens, but your attempt to escape fails.
The zombie hands constrict the ettin simulacrum!
The zombie hands constrict the caustic shrike simulacrum!
The zombie hands constrict the anaconda simulacrum.
The harpy simulacrum closely misses you.
The harpy simulacrum claws you but does no damage.
The caustic shrike simulacrum escapes!
The anaconda simulacrum bites you but does no damage.
The anaconda simulacrum constricts you. The harpy simulacrum barely misses you.
The harpy simulacrum misses you.
The ettin simulacrum escapes!
A harpy simulacrum comes into view.
Unknown command.
You escape the anaconda simulacrum's grasp.
The zombie hands constrict the anaconda simulacrum!
The anaconda simulacrum struggles to escape constriction.
The harpy simulacrum claws you. The harpy simulacrum freezes you! You resist.
The harpy simulacrum closely misses you.
Aiming: Borgnjor's Vile Clutch (mildly dangerous; 2% risk of failure)
Press: ? - help, Q - select action, (/) - cycle Shift-Dir - straight line, f - harpy simulacrum, p - anaconda simulacrum
Aim: a harpy simulacrum (100% to hit)
You miscast Borgnjor's Vile Clutch.
You are very lightly contaminated with residual magic.
Nothing appears to happen.
The zombie hands constrict the anaconda simulacrum!!
The anaconda simulacrum vaporises!
The harpy simulacrum claws you!
* * * LOW HITPOINT WARNING * * *
The harpy simulacrum freezes you. You resist.
* * * LOW HITPOINT WARNING * * *
The harpy simulacrum claws you but does no damage.
The harpy simulacrum claws you.
* * * LOW HITPOINT WARNING * * *
The harpy simulacrum freezes you! You resist.
* * * LOW HITPOINT WARNING * * *
The harpy simulacrum barely misses you.
The caustic shrike simulacrum claws you!
* * * LOW HITPOINT WARNING * * *
The caustic shrike simulacrum freezes you!!
You resist.
You die...

#######
#.....##
#......##
#.......#..Z
#.∩@Z°.ZZZ..
#...Z...#ZZ.
#......##
#.....##
#######


You could see an anaconda simulacrum, a dire elephant simulacrum, 2 harpy
simulacra, an ettin simulacrum and a caustic shrike simulacrum.

Vanquished Creatures
  An ironbound preserver (D:13)
  Fannar (D:10)
  7 hydras
  3 centaur warriors
  A caustic shrike simulacrum (IceCv)
  3 boulder beetles
  An ogre mage (D:12)
  A catoblepas (Lair:4)
  4 two-headed ogres (D:12)
  7 death yaks
  Nergalle (Lair:1)
  Sonja (Lair:4)
  A skeletal warrior (D:13)
  2 fire crabs (Lair:5)
  3 skysharks (Lair:4)
  An orb spider (Lair:2)
  2 bog bodies (Lair:3)
  2 wizards
  A lindwurm (Lair:4)
  A deep elf pyromancer (D:12)
  3 oklob plants
  An ugly thing (D:13)
  16 elephants
  3 cyclopes
  A manticore (D:13)
  3 molten gargoyles (Lair:5)
  Joseph (Lair:1)
  12 cane toads
  10 black mambas
  A gargoyle (D:12)
  2 rime drakes
  A torpor snail (Lair:5)
  5 large abominations (D:13)
  2 kobold demonologists (D:13)
  14 komodo dragons
  A tengu conjurer (D:13)
  An anaconda simulacrum (IceCv)
  2 polar bears
  4 trolls
  Prince Ribbit (D:5)
  A hornet (Lair:4)
  4 dream sheep (Lair:5)
  27 blink frogs
  7 small abominations (D:13)
  A slime creature (D:13)
  4 wraiths
  A vampire (D:11)
  6 wyverns
  A shadow (D:10)
  6 basilisks
  43 yaks
  Grum (D:11)
  2 steam dragons
  12 vampire mosquitoes
  2 swamp worms (Lair:3)
  2 acid dragons (D:13)
  17 water moccasins
  4 hell hounds (Lair:5)
  2 wargs (D:8)
  A sky beast (D:7)
  15 orc warriors
  4 black bears
  An ice beast (D:6)
  21 wolves
  3 ogres
  15 centaurs
  3 kobold brigands
  Blork the orc (D:5)
  10 bullfrogs
  3 scorpions
  A gnoll sergeant (D:11)
  4 wights
  A killer bee (Lair:5)
  4 howler monkeys
  An electric eel (Lair:3)
  3 lava snakes (Lair:5)
  3 jellies
  4 hounds
  A gnoll bouda (D:6)
  10 orc priests
  2 iguanas
  11 orc wizards
  7 hell rats (Lair:2)
  9 gnolls
  5 adders
  2 shadow imps
  A white imp (D:7)
  A worm (D:3)
  2 dart slugs (D:1)
  51 orcs
  5 endoplasms
  5 goblins
  7 hobgoblins
  3 quokkas
  6 ball pythons (D:3)
  8 bats
  5 frilled lizards
  11 kobolds
  8 rats
529 creatures vanquished.

Vanquished Creatures (collateral kills)
  2 two-headed ogres (D:12)
  A troll (D:12)
  A yak (D:8)
  A shadow (D:12)
  An ogre (D:12)
  3 centaurs
  An orc priest (D:12)
  2 hounds
  An orc wizard (D:6)
  An orc (Bailey)
  2 ball pythons
16 creatures vanquished.

Vanquished Creatures (others)
  A water moccasin (Lair:2)
  A water moccasin zombie (D:7)
  2 yak zombies (D:8)
  A centaur zombie (Bailey)
  2 gnoll zombies (D:7)
  8 orc zombies
  42 fungi
  71 plants
128 creatures vanquished.

Grand Total: 673 creatures vanquished

Notes
Turn   | Place    | Note
-------+----------+-------------------------------------------
     0 | D:1      | Angani the Draconian Necromancer began the quest for the
                  | Orb.
     0 | D:1      | Reached XP level 1. HP: 14/14 MP: 3/3
   291 | D:1      | Reached XP level 2. HP: 20/20 MP: 5/5
  1270 | D:2      | Reached XP level 3. HP: 26/26 MP: 0/7
  1435 | D:2      | Identified the +5 hand axe of Erat Ten {freeze, rF+ Str+5}
  1788 | D:3      | Found a faded altar of an unknown god.
  1867 | D:3      | Learned a level 3 spell: Vampiric Draining
  2855 | D:3      | Reached XP level 4. HP: 33/33 MP: 8/8
  3181 | D:4      | Found a staircase to the Ecumenical Temple.
  3185 | Temple   | Entered the Ecumenical Temple
  3299 | D:4      | Reached skill level 5 in Necromancy
  3477 | D:4      | Found an iron altar of Okawaru.
  3742 | D:4      | Reached XP level 5. HP: 38/38 MP: 7/10
  3872 | D:4      | Found a sacrificial altar of Ru.
  3933 | D:5      | Entered Level 5 of the Dungeon
  3961 | D:5      | Noticed an ogre
  3986 | D:5      | Killed an ogre
  4085 | D:5      | Reached XP level 6. HP: 45/45 MP: 12/12
  4129 | D:5      | Identified the +7 dagger "Orb Guardian's Doom" {speed,
                  | rElec rPois Dex+2}
  4138 | D:5      | Noticed Blork the orc
  4310 | D:5      | Killed Blork the orc
  4402 | D:5      | Noticed Prince Ribbit
  4416 | D:5      | Killed Prince Ribbit
  4417 | D:5      | Reached skill level 5 in Spellcasting
  4417 | D:5      | Your scales start taking on a rich purple colour.
  4417 | D:5      | Reached XP level 7. HP: 50/50 MP: 12/16
  4622 | D:5      | Found a basalt altar of Yredelemnul.
  4993 | D:5      | Learned a level 4 spell: Animate Dead
  4999 | D:5      | Learned a level 5 spell: Agony
  5201 | D:6      | Found a runed translucent gate.
  5420 | D:6      | Found a runed translucent gate.
  5420 | D:6      | Found a runed translucent gate.
  5421 | D:6      | Noticed a vampire mosquito
  5442 | D:6      | Noticed gabibbone's ghost (novice DgGl)
  5443 | D:6      | Found an opulent altar of Gozag.
  5513 | D:6      | Reached XP level 8. HP: 45/57 MP: 12/18
  6007 | D:7      | Found a blossoming altar of Fedhas.
  7182 | D:8      | Found Piqasoja's Magic Scroll Boutique.
  7186 | D:8      | Bought a scroll of blinking for 90 gold pieces
  7186 | D:8      | Bought a scroll of identify for 24 gold pieces
  7186 | D:8      | Bought a scroll of teleportation for 36 gold pieces
  7186 | D:8      | Bought a scroll of immolation for 48 gold pieces
  7216 | D:8      | Reached skill level 10 in Necromancy
  7216 | D:8      | Reached XP level 9. HP: 52/62 MP: 9/21
  7255 | D:8      | Found a flagged portal.
  7280 | Bailey   | Entered a bailey
  8323 | Bailey   | Reached skill level 10 in Spellcasting
  8466 | Bailey   | Identified the +6 triple sword "Lujaside" {pain, Str+5
                  | Int+2}
  8901 | D:8      | Reached XP level 10. HP: 43/69 MP: 24/24
  9173 | D:8      | Gained mutation: Your tail ends in a venomous barb. [potion
                  | of mutation]
  9173 | D:8      | Gained mutation: Your large and strong wings let you fly.
                  | [potion of mutation]
 10141 | D:7      | Found a snail-covered altar of Cheibriados.
 10263 | D:7      | Noticed a two-headed ogre
 10609 | D:7      | Found a shimmering altar of Xom.
 11758 | D:9      | Found a staircase to the Lair.
 12319 | D:9      | Identified a scroll of acquirement
 12320 | D:9      | Acquired a book of Decay
 12327 | D:9      | Learned a level 4 spell: Dispel Undead
 12334 | D:9      | Learned a level 6 spell: Death Channel
 12495 | D:9      | Found a radiant altar of Vehumet.
 12876 | D:9      | Found a broken altar of Ashenzari.
 13219 | Lair:1   | Entered Level 1 of the Lair of Beasts
 13341 | Lair:1   | Noticed a cane toad
 13426 | Lair:1   | Reached XP level 11. HP: 64/74 MP: 11/26
 13539 | Lair:1   | Reached skill level 1 in Fighting
 13539 | Lair:1   | Reached skill level 1 in Long Blades
 13808 | Lair:1   | Learned a level 5 spell: Borgnjor's Vile Clutch
 13833 | Lair:1   | Reached skill level 1 in Earth Magic
 13893 | Lair:1   | Noticed Nergalle
 13900 | Lair:1   | Killed Nergalle
 14019 | Lair:1   | Noticed MCDelver's ghost (journeyman OpFE)
 14066 | Lair:1   | Noticed Joseph
 14074 | Lair:1   | Killed Joseph
 14188 | Lair:1   | Found a runed translucent gate.
 14192 | Lair:1   | Found a runed translucent gate.
 14192 | Lair:1   | Found a runed translucent gate.
 14682 | Lair:1   | Reached skill level 5 in Earth Magic
 15418 | Lair:2   | Noticed a six-headed hydra
 15938 | Lair:2   | Noticed an orb spider
 15941 | Lair:2   | Found a hole to the Spider Nest.
 16168 | Lair:2   | Reached skill level 5 in Fighting
 16176 | Lair:2   | Reached XP level 12. HP: 54/94 MP: 13/27
 16404 | Lair:2   | Reached skill level 5 in Long Blades
 16404 | Lair:2   | Reached skill level 5 in Dodging
 16599 | Lair:2   | Learned a level 4 spell: Cause Fear
 16795 | Lair:2   | Killed a six-headed hydra
 17007 | Lair:2   | Noticed a seven-headed hydra
 17007 | Lair:2   | Noticed a death yak
 17014 | Lair:2   | Killed a death yak
 17016 | Lair:2   | Killed a seven-headed hydra
 19044 | Lair:3   | Found a staircase to the Swamp.
 19358 | Lair:3   | Reached XP level 13. HP: 100/108 MP: 23/28
 19596 | Lair:4   | Noticed Sonja
 19629 | Lair:5   | Entered Level 5 of the Lair of Beasts
 20110 | Lair:4   | Found a staircase to the Slime Pits.
 20317 | Lair:4   | Killed Sonja
 21467 | Lair:4   | Reached skill level 10 in Fighting
 22792 | Lair:5   | Reached skill level 10 in Long Blades
 23339 | Lair:5   | Reached XP level 14. HP: 119/124 MP: 2/29
 24061 | Lair:5   | Reached skill level 10 in Dodging
 26007 | Lair:5   | Found a large runed translucent door.
 26007 | Lair:5   | Found a large runed translucent door.
 26411 | D:10     | Entered Level 10 of the Dungeon
 26863 | D:10     | Noticed Fannar
 26871 | D:10     | Killed Fannar
 27477 | D:11     | Noticed Grum
 27484 | D:11     | Killed Grum
 28948 | D:12     | Found a staircase to the Orcish Mines.
 30180 | D:13     | Reached XP level 15. HP: 98/134 MP: 19/30
 30329 | D:13     | Identified the +5 chain mail "Hejaramn" {rF- Will+ rCorr
                  | Int+9}
 30330 | D:13     | Identified the +7 trident of Fawaijie {spect, Fragile
                  | Int+4}
 30756 | D:13     | Found a gate to the Vaults.
 31695 | D:14     | Found a frozen archway.
 31708 | IceCv    | Entered an ice cave
 31719 | IceCv    | Mangled by a caustic shrike simulacrum

Illustrated notes

Levels and vault maps discovered:
D:1:      tarquinn_simple_flora_water_b, layout_basic
D:2:      layout_basic, st_stairs_2, serial_bayou_lagoon_a,
          small_statue_intersection
D:3:      layout_loops_corners, nicolae_ecumenical_snake_handling
D:4:      layout_basic, nicolae_ru_the_path_less_chosen,
          okawaru_altar_gauntlet_db, minmay_temple_entry_glassed_door,
          minmay_quadrilaterals
D:5:      layout_cave_pods, mainiacjoe_overflow_alcove_4, uniq_blork_the_orc,
          uniq_prince_ribbit1
D:6:      layout_loops_corners, ebering_ghost_gozag
D:7:      layout_basic, mainiacjoe_overflow_chevrons, fedhas_ov_isle_minmay,
          mainiacjoe_overflow_paths, minmay_microvault
D:8:      layout_loops_ring, serial_shops, nicolae_stop_n_shop_1, enter_bailey_6
D:9:      layout_layer_cave, marbit_many_paths, nicolae_ashenzari_skybound,
          erik_lair_orcish_takeover
D:10:     layout_roguey, uniq_fannar
D:11:     layout_big_octagon, minmay_puff, uniq_grum
D:12:     layout_loops_ring, minmay_orc_entry_temple_small, kennysheep_nub,
          hex_tiny
D:13:     layout_grid_maze, skrybe_vaults_entry_preservation, laboratory
D:14:     layout_basic, minmay_misc_feat_nine_boxes,
          portal_ice_cave_entry_pillars_1
Temple:   jpeg_temple_clearing
Lair:1:   layout_chaotic_city, gammafunk_ghost_icy, beast_lair_carwin_8,
          uniq_joseph, uniq_nergalle
Lair:2:   nzn_winding_woodlands_small [nzn_winding_woodlands_5x15_eye,
          nzn_winding_woodlands_center_lodge,
          nzn_winding_woodlands_5x15_jagged], layout_regular_city,
          nicolae_spider_entry_orb_guardian, st_stairs_9, disabler_island
Lair:3:   layout_regular_city, nicolae_swamp_entry_splash_gauntlet
Lair:4:   cheibrodos_lair_overgrown_chateau, layout_cave_pods,
          minmay_slime_entry_oklob_enclosed, minivault_26, uniq_sonja
Lair:5:   cheibrodos_lair_end_hotspot, layout_regular_city
IceCv:    ice_cave_statue_garden_chambered

Skill      XL: |  1  2  3  4  5  6  7  8  9 10 11 12 13 14 15 |
---------------+----------------------------------------------+-----
Spellcasting   | 3 4 6 7 8 10 11 | 11.5
Necromancy     | 5 6 8 10 12 14 | 14.0
Dodging        | 4 7 9 10 | 10.7
Fighting       | 5 8 11 12 | 12.4
Long Blades    | 4 7 10 13 14 | 14.3
Earth Magic    | 5 |  5.0
Stealth        | |  1.7

Action                     |  1- 3 |  4- 6 |  7- 9 | 10-12 | 13-15 || total
---------------------------+-------+-------+-------+-------+-------++-------
  Melee: Unarmed           |     2 |       |       |       |       ||     2
         Dagger            |       |    13 |   213 |       |       ||   226
         Tailslap          |       |       |    33 |    34 |    55 ||   122
         Punch             |       |       |     6 |       |       ||     6
         Triple sword      |       |       |     5 |   217 |   343 ||   565
   Fire: Sling             |    87 |    54 |       |       |       ||   141
  Throw: Dart              |       |    12 |     5 |     4 |       ||    21
         Javelin           |       |       |       |    14 |       ||    14
   Cast: Necrotise         |    50 |    26 |   145 |    35 |    11 ||   267
         Vampiric Draining |       |     2 |    26 |    51 |     6 ||    85
         Animate Dead      |       |       |     7 |     3 |       ||    10
         Agony             |       |       |       |    19 |       ||    19
         Dispel Undead     |       |       |       |     1 |     5 ||     6
         Borgnjor's Vile C |       |       |       |   102 |   224 ||   326
         Death Channel     |       |       |       |       |     3 ||     3
Ability: Breathe Dispellin |       |       |     2 |     4 |     1 ||     7
  Evoke: Box of beasts     |       |       |       |     1 |     1 ||     2
         Wand              |       |       |       |     6 |     6 ||    12
    Use: Scroll            |     4 |     4 |     5 |    13 |     2 ||    28
         Potion            |       |       |     2 |     8 |     1 ||    11
   Stab: Sleeping          |       |       |     1 |       |       ||     1
 Armour: Skin              |    24 |    22 |   105 |   162 |   160 ||   473
  Dodge: Dodged            |    47 |    40 |   169 |   280 |   432 ||   968

Table legend: (Time is in decaauts)
 A = Elapsed time spent in this place.
 B = Non-inter-level travel time spent in this place.
 C = Inter-level travel time spent in this place.
 D = Time resting spent in this place.
 E = Time spent auto-exploring this place.
 F = Levels seen in this place.
 G = Mean time per level.
                   A        B        C        D        E       F      G
               +--------+--------+--------+--------+--------+-----+--------+
         Total |  31992 |  31076 |    916 |  10692 |  14977 |  22 | 1454.2 |
       Dungeon |  17156 |  16666 |    490 |   3824 |  10290 |  14 | 1225.4 |
        Temple |    107 |     95 |     12 |      0 |     82 |   1 |  107.0 |
          Lair |  13132 |  12718 |    414 |   6186 |   4379 |   5 | 2626.4 |
        Bailey |   1586 |   1586 |      0 |    682 |    226 |   1 | 1586.0 |
      Ice Cave |      9 |      9 |      0 |      0 |      0 |   1 |    9.0 |
               +--------+--------+--------+--------+--------+-----+--------+

Top non-repeatable levels by time:
  Lair:4: 3731 daAuts
  Lair:5: 3226 daAuts
  Lair:2: 2405 daAuts
  Lair:3: 2173 daAuts
    D:13: 2021 daAuts
     D:7: 1956 daAuts
     D:8: 1823 daAuts
     D:9: 1788 daAuts
  Lair:1: 1595 daAuts
  Bailey: 1586 daAuts
     D:6: 1243 daAuts
     D:3: 1210 daAuts
    D:12: 1184 daAuts
    D:11: 1099 daAuts
     D:4: 1062 daAuts
